 Dungeon Crawl Stone Soup version 0.30.0-30-g96aa6591b8 (webtiles) character file.

Game seed: 17393160755801148083

2595 GeoRichter the Basher (level 9, -33/72 HPs)
             Began as a Formicid Wanderer on June 29, 2023.
             Was a Believer of Okawaru.
             Killed from afar by an efreet (35 damage)
             ... with a fireball
             ... on level 8 of the Dungeon.
             The game lasted 00:14:15 (6571 turns).

GeoRichter the Basher (Formicid Wanderer)           Turns: 6571, Time: 00:14:15

Health: -33/72     AC: 22    Str: 23    XL:     9   Next: 89%
Magic:  12/12      EV:  8    Int: 12    God:    Okawaru [**....]
Gold:   343        SH: 14    Dex: 17    Spells: 11/12 levels left

rFire   . . .        a - +2 mace (protect)
rCold   + . .        j - +2 kite shield
rNeg    . . .        k - +0 plate armour
rPois   .            (helmet unavailable)
rElec   .            (no cloak)
rCorr   .            (no gloves)
SInv    +            x - +0 pair of boots
Will    .....        m - amulet of magic regeneration Stlth
                     n - +6 ring of dexterity
HPRegen 0.32/turn    B - ring of protection from cold
MPRegen 0.53/turn

%: no passive effects
@: heroic, under a protective aura
A: permanent stasis, dig shafts and tunnels, antennae 3, four strong arms
a: Dig, Shaft Self, Renounce Religion, Heroism


You were on level 8 of the Dungeon.
You worshipped Okawaru.
Okawaru was pleased with you.
You visited 2 branches of the dungeon, and saw 9 of its levels.

You collected 550 gold pieces.
You spent 207 gold pieces at shops.

Inventory:

Hand Weapons
 a - a +2 mace of protection (weapon)
   (You took it off an orc on level 4 of the Dungeon)
 b - a +1 spear of venom
   (You found it on level 1 of the Dungeon)
 E - a +0 giant club
   (You took it off an ogre on level 7 of the Dungeon)
Armour
 j - a +2 kite shield (worn)
   (You took it off a gnoll sergeant on level 6 of the Dungeon)
 k - a +0 plate armour (worn)
   (You found it on level 4 of the Dungeon)
 x - a +0 pair of boots (worn)
   (You found it on level 3 of the Dungeon)
 z - the +4 scale mail of the Gloaming {Rampage rElec rF- rC+}
   (You bought it in a shop on level 4 of the Dungeon)

   rF:        It makes you vulnerable to fire.
   rC:        It protects you from cold.
   rElec:     It insulates you from electricity.
   Rampage:   It bestows one free step when moving towards enemies.
Jewellery
 m - an amulet of magic regeneration (around neck)
   (You found it on level 1 of the Dungeon)
 n - a +6 ring of dexterity (left hand)
   (You found it on level 2 of the Dungeon)
 B - a ring of protection from cold (right hand)
   (You found it on level 4 of the Dungeon)
 J - a +6 ring of strength
   (You found it on level 8 of the Dungeon)
Wands
 c - a wand of flame (25) (quivered)
   (You found it on level 3 of the Dungeon)
 y - a wand of charming (19)
   (You took it off Ijyb on level 3 of the Dungeon)
Scrolls
 g - 4 scrolls of immolation {!r}
 o - 2 scrolls of magic mapping
 p - 3 scrolls of enchant weapon {unknown}
 q - 2 scrolls of vulnerability {!r}
 r - a scroll of torment {!r}
 s - a scroll of amnesia {unknown}
 v - a scroll of fear {unknown}
 w - 2 scrolls of blinking {unknown}
 C - a scroll of acquirement {unknown}
 G - 2 scrolls of identify {@r1}
 H - a scroll of fog {unknown}
 I - a scroll of enchant armour {unknown}
Potions
 d - a potion of invisibility {unknown}
 e - a potion of lignification {unknown}
 f - 4 potions of attraction {unknown}
 h - a potion of curing {@q1}
 i - 2 potions of brilliance {unknown}
 l - 2 potions of mutation {!q}
 t - 2 potions of flight
 u - a potion of magic {unknown}
 A - a potion of cancellation {unknown}
 D - a potion of resistance {unknown}


   Skills:
 + Level 7.1(12.1) Fighting
 * Level 9.8(14.8) Maces & Flails
 - Level 3.2(8.2) Armour
 + Level 4.4(9.4) Shields
 - Level 2.1 Spellcasting
 - Level 1.0 Conjurations
 + Level 4.0 Invocations
 - Level 3.0 Evocations


You had 11 spell levels left.
You knew the following spells:

 Your Spells              Type           Power      Damage    Failure   Level
a - Kiss of Death         Conj/Necr      8%         2d6       99%         1

Your spell library contained the following spells:

 Spells                   Type           Power      Damage    Failure   Level
 Hailstorm                Conj/Ice       2%         3d3       100%        3


Dungeon Overview and Level Annotations

Branches:
Dungeon (8/15) Zot: 26320  Temple (1/1) D:7 Zot: 5942
   Lair: D:8-11

Altars:
Ashenzari
Cheibriados
Dithmenos
Elyvilon
Fedhas
Gozag
Hepliaklqana
Kikubaaqudgha
Makhleb
Okawaru
Qazlal
Ru
Sif Muna
Trog
Uskayaw
Vehumet
Wu Jian
Xom
Yredelemnul
The Shining One

Shops:
D:4 *[

Annotations:
D:3 1 runed translucent door, Crazy Yiuf
D:4 3 runed translucent doors, Tali's ghost, amateur DsBe
D:5 Pikel; Sigmund
D:7 2 transporters, peterlawrence's ghost, novice MiFi
D:8 3 transporters


Innate Abilities, Weirdness & Mutations

You cannot be hasted, slowed, berserked, paralysed or teleported.
You can dig through walls and to a lower floor.
You have a pair of large antennae on your head. (SInv)
Your four strong arms can wield two-handed weapons with a shield.


Message History

The efreet is lightly wounded.
You hit the efreet.
The efreet is lightly wounded.
You block the efreet's attack.
You hit the efreet.
The efreet is lightly wounded.
The efreet hits you with a +0 scimitar of flaming.
* * * LOW HITPOINT WARNING * * *
The efreet burns you.
* * * LOW HITPOINT WARNING * * *
You hit the efreet.
The efreet is moderately wounded.
You block the efreet's attack.
You hit the efreet but do no damage.
The efreet is moderately wounded.
You block the efreet's attack.
You hit the efreet but do no damage.
The efreet is moderately wounded.
You sock the efreet!
The efreet is heavily wounded.
You block the efreet's attack.
You hit the efreet.
The efreet is heavily wounded.
The efreet hits you but does no damage.
You hit the efreet but do no damage.
The efreet is heavily wounded.
The efreet gestures at you. The bolt of fire hits you!
* * * LOW HITPOINT WARNING * * *
You sock the efreet!
The efreet is severely wounded.
The efreet gestures at you. The bolt of fire hits you!
* * * LOW HITPOINT WARNING * * *
You feel much better. The efreet gestures at you.
The fireball explodes!
The fireball engulfs you!!
* * * LOW HITPOINT WARNING * * *
The fireball engulfs the efreet.
The efreet completely resists.
Okay, then.
You hit the efreet but do no damage.
The efreet is severely wounded.
You hit the efreet but do no damage.
The efreet is severely wounded.
The efreet hits you but does no damage.
You hit the efreet but do no damage.
The efreet is severely wounded.
The efreet gestures at you.
The fireball explodes!
The fireball engulfs you!!
You die...

#...## #.##.....## #
##...)## #.#.......#.#
####......# #.#.......#.#
..........###....._.....#
###........#..#.......#
##.........#..#.......#
#...........[○##.....##
##...........#.####.####.#
...#..R......#.R@..).....#
####○○.......######<.....#
##○##......## #......#
##☼####......# #.......#
..## ##...#..# ##.......
...## ######..# .......
{...# ##.. #...... ....#
#. ...... .....# #.....


You could see an efreet.

Vanquished Creatures
  Joseph (D:8)
  Grinder (D:3)
  2 wyverns (D:8)
  Menkaure (D:4)
  3 wargs (D:8)
  An ice beast (D:6)
  2 sky beasts (D:7)
  A black bear (D:6)
  An ogre (D:7)
  A centaur (D:7)
  A phantom (D:5)
  2 bullfrogs (D:7)
  A gnoll sergeant (D:6)
  4 howler monkeys
  A hound (D:4)
  2 orc priests (D:8)
  Ijyb (D:3)
  A sleepcap (D:7)
  2 orc wizards (D:8)
  Robin (D:3)
  3 gnolls (D:6)
  3 adders
  An ufetubus (D:6)
  A worm (D:2)
  A dart slug (D:2)
  10 orcs
  5 bats
  3 endoplasms
  2 giant cockroaches (D:1)
  12 goblins
  11 hobgoblins
  7 jackals (D:3)
  6 kobolds
  2 quokkas
  4 ball pythons
  3 frilled lizards (D:1)
  5 rats
109 creatures vanquished.

Notes
Turn   | Place    | Note
-------+----------+-------------------------------------------
     0 | D:1      | GeoRichter the Formicid Wanderer began the quest for the
                  | Orb.
     0 | D:1      | GeoRichter set off with the following items: a +2 mace, a
                  | +0 scale mail, a potion of heal wounds {@q2}; and the
                  | following spell memorised: Kiss of Death; and the following
                  | spells available to memorise: Hailstorm.
     0 | D:1      | Reached XP level 1. HP: 15/15 MP: 3/3
     8 | D:1      | Noticed a scorpion
     8 | D:1      | Noticed a swamp worm
     9 | D:1      | Noticed an anaconda
     9 | D:1      | Noticed a wyvern
   140 | D:1      | Reached XP level 2. HP: 22/22 MP: 5/5
   482 | D:1      | You fall into a shaft and drop 1 floor!
   694 | D:1      | Reached XP level 3. HP: 26/27 MP: 6/6
  1638 | D:3      | Found a white marble altar of Elyvilon.
  1742 | D:3      | Found an ancient bone altar of Kikubaaqudgha.
  1746 | D:3      | Noticed Grinder
  1772 | D:3      | Reached skill level 4 in Maces & Flails
  1957 | D:3      | Noticed Ijyb
  1977 | D:3      | Killed Ijyb
  1978 | D:3      | Reached XP level 4. HP: 34/34 MP: 7/7
  2002 | D:3      | Reached XP level 5. HP: 31/41 MP: 8/8
  2227 | D:3      | Noticed Robin
  2406 | D:3      | Found a runed translucent door.
  2407 | D:3      | Noticed Crazy Yiuf
  2658 | D:3      | Reached skill level 5 in Maces & Flails
  2664 | D:3      | Killed Robin
  2844 | D:3      | Killed Grinder
  2845 | D:3      | Reached skill level 6 in Maces & Flails
  2845 | D:3      | Reached XP level 6. HP: 17/48 MP: 9/9
  3197 | D:4      | Reached XP level 7. HP: 31/54 MP: 10/10
  3280 | D:4      | Noticed Menkaure
  3459 | D:4      | Killed Menkaure
  3533 | D:4      | Found Jett's Antique Armour Boutique.
  3556 | D:4      | Bought an ichor-stained scale mail for 207 gold pieces
  3556 | D:4      | Identified the +4 scale mail of the Gloaming {Rampage rElec
                  | rF- rC+} (You bought it in a shop on level 4 of the
                  | Dungeon)
  3589 | D:4      | Found Mobbakong's CLEARANCE SALE!.
  3626 | D:4      | Found a runed translucent gate.
  3627 | D:4      | Found a runed translucent gate.
  3627 | D:4      | Noticed Tali's ghost (amateur DsBe)
  3628 | D:4      | Found a runed translucent gate.
  3783 | D:4      | Found a blossoming altar of Fedhas.
  3783 | D:4      | Found a basalt altar of Yredelemnul.
  3783 | D:4      | Found a bloodstained altar of Trog.
  3790 | D:4      | Found a sacrificial altar of Ru.
  3793 | D:4      | Found a burning altar of Makhleb.
  3840 | D:5      | Entered Level 5 of the Dungeon
  3840 | D:5      | Noticed Sigmund
  3840 | D:5      | Noticed Pikel
  3890 | D:5      | Reached skill level 7 in Maces & Flails
  3930 | D:6      | Reached skill level 5 in Fighting
  4200 | D:6      | Found an opulent altar of Gozag.
  4208 | D:6      | Reached skill level 1 in Evocations
  4487 | D:6      | Reached XP level 8. HP: 43/62 MP: 11/11
  5191 | D:7      | Reached skill level 8 in Maces & Flails
  5256 | D:7      | Found a staircase to the Ecumenical Temple.
  5265 | Temple   | Entered the Ecumenical Temple
  5317 | Temple   | Became a worshipper of Warmaster Okawaru
  5358 | D:7      | Noticed peterlawrence's ghost (novice MiFi)
  5443 | D:7      | Found a transporter.
  5470 | D:7      | Found a transporter.
  5490 | D:7      | Found a snail-covered altar of Cheibriados.
  5725 | D:7      | Reached skill level 1 in Shields
  5725 | D:7      | Reached skill level 1 in Invocations
  5900 | D:8      | Found a hazy altar of Hepliaklqana.
  5906 | D:8      | Reached XP level 9. HP: 60/69 MP: 12/12
  5967 | D:8      | Reached * piety under Okawaru
  5968 | D:8      | Reached skill level 9 in Maces & Flails
  6078 | D:8      | Noticed Joseph
  6128 | D:8      | Killed Joseph
  6128 | D:8      | Reached ** piety under Okawaru
  6469 | D:8      | Found a transporter.
  6474 | D:8      | Found a transporter.
  6496 | D:8      | Found a transporter.
  6496 | D:8      | Noticed an efreet
  6568 | D:8      | HP: 1/72 [efreet/fireball (30)]
  6571 | D:8      | Killed from afar by an efreet

Illustrated notes

Levels and vault maps discovered:
D:1:      onia_arrival_zoo_common, layout_loops_ring
D:2:      layout_loops_corners
D:3:      layout_rooms, mainiacjoe_overflow_catch_the_wave, lemuel_flame_loot_1,
          uniq_robin, uniq_ijyb, uniq_crazy_yiuf_cottage, uniq_grinder
D:4:      layout_rooms, minitemple, serial_shops, nicolae_shop_advertising_works
          [nicolae_subvault_shop_adworks], gammafunk_ghost_nasty_kobolds,
          grunt_decor_one_mirror, nicolae_shop_clearance, uniq_menkaure
D:5:      layout_basic, serial_shops, nicolae_shop_rolled_up,
          hangedman_decor_peaks_small, uniq_sigmund, uniq_pikel
D:6:      layout_gridville, nicolae_gozag_seed_capital
D:7:      layout_loops_ring, mainiacjoe_overflow_boulevard,
          minmay_temple_entry_slanted, gammafunk_ghost_stat_death,
          minmay_misc_feat_five, fountainhead
D:8:      layout_cave_pods, old_standard_altar, erik_lair_orcish_takeover,
          corexii_corridor_pit, minivault_26, nicolae_transporter_circle,
          uniq_joseph
Temple:   nicolae_temple_ecumenical_triangle

Skill      XL: |  1  2  3  4  5  6  7  8  9 |
---------------+----------------------------+-----
Fighting       | 2 3 4 5 6 7 |  7.1
Maces & Flails | 4 6 7 8 9 |  9.8
Evocations     | 1 3 |  3.0
Shields        | 1 4 |  4.4
Invocations    | 1 4 |  4.0
Armour         | |  3.2
Spellcasting   | |  2.1
Conjurations   | |  1.0

Action                     |  1- 3 |  4- 6 |  7- 9 || total
---------------------------+-------+-------+-------++-------
  Melee: Mace              |    10 |       |   235 ||   245
         Spear             |    93 |   109 |    29 ||   231
         Punch             |     1 |       |       ||     1
 Invoke: Heroism           |       |       |     1 ||     1
  Evoke: Wand              |       |     2 |     5 ||     7
    Use: Potion            |     1 |     2 |     2 ||     5
         Scroll            |       |     5 |     3 ||     8
 Armour: Scale mail        |    51 |    34 |   131 ||   216
         Plate armour      |       |    17 |     3 ||    20
  Dodge: Dodged            |    53 |    36 |    82 ||   171
  Block: Kite shield       |       |       |    88 ||    88
